 Dungeon Crawl Stone Soup version 0.31-a0-986-g5e6e4ef867 (webtiles) character file.

Game seed: 10175659462609220379

3152 Zonian the Thaumaturge (level 9, -10/48 HPs)
             Began as a Deep Elf Conjurer on Nov 13, 2023.
             Was an Elder of Ashenzari.
             Mangled by a hornet (14 damage)
             ... on level 8 of the Dungeon.
             The game lasted 00:28:31 (12114 turns).

Zonian the Thaumaturge (Deep Elf Conjurer)         Turns: 12114, Time: 00:28:31

Health: -10/48     AC:  9    Str:  4    XL:     9   Next: 62%
Magic:  8/25       EV: 16    Int: 31    God:    Ashenzari [****..]
Gold:   152        SH:  5    Dex: 11    Spells: 19/28 levels left

rFire   . . .        D - +2 dagger (venom) {short}
rCold   + . .        (no shield)
rNeg    + . .        a - +0 robe of the Restrained Ethics {Cun, Self} (curse)
rPois   .            O - +0 helmet "Mantic Stickiness" {Will+ Int+3 Dex+3, Fort, Alch} (curse)
rElec   .            (no cloak)
rCorr   +            J - +0 pair of gloves "At What Cost Knowledge?" {rF+ rN+ rCorr Dex-5, Cun, Dev} (curse)
SInv    +            K - +0 pair of boots "Sibylline Mistrust" {Alch, Bglg} (curse)
Will    +....        E - amulet of Apeoromancy {Reflect SH+5, Alch, Fort} (curse)
Stlth   +++++        y - ring of ice
HPRegen 0.28/turn    u - ring "Per Aspera Ad Scientiam" {AC+4, Cun, Alch} (curse)
MPRegen 0.19/turn

%: reflection, clarity
@: lethally poisoned (-10 -> -17), slowed, very slow
A: no striking features
a: Renounce Religion, Curse Item, Shatter the Chains


You were on level 8 of the Dungeon.
You worshipped Ashenzari.
Ashenzari was greatly pleased with you.
You visited 1 branch of the dungeon, and saw 8 of its levels.
You also visited: Sewer.

You collected 391 gold pieces.
You spent 239 gold pieces at shops.


   Skills:
 + Level 0.8(1.8) Fighting
 + Level 7.6(11.2) Dodging
 + Level 8.3(11.9) Stealth
 + Level 8.5(10.3) Spellcasting
 + Level 8.0(9.9) Conjurations
 + Level 7.2(9.1) Hexes
 + Level 1.2 Ice Magic


You had 19 spell levels left.
You knew the following spells:

 Your Spells              Type           Power      Damage    Failure   Level
a - Magic Dart            Conj           100%       1d8       1%          1
b - Searing Ray           Conj           100%       2d8       1%          2
c - Dazzling Flash        Conj/Hex       100%       N/A       1%          3
d - Hailstorm             Conj/Ice       66%        3d14      1%          3

Your spell library contained the following spells:

 Spells                   Type           Power      Damage    Failure   Level
 Freeze                   Ice            100%       1d10      1%          1
 Sigil of Binding         Hex            64%        N/A       1%          3
 Fulminant Prism          Conj/Hex       33%        3d15      1%          4
 Cigotuvi's Dreadful Rot  Necr/Pois/Air  34%        N/A       4%          2
 Dimensional Bullseye     Hex/Tloc       22%        N/A       4%          4
 Iskenderun's Mystic Bla  Conj/Tloc      47%        2d10      4%          4
 Leda's Liquefaction      Hex/Erth       22%        N/A       4%          4
 Frozen Ramparts          Ice            70%        1d11      6%          3
 Ignite Poison            Fire/Tmut/Pois 18%        N/A       8%          3
 Call Canine Familiar     Summ           16%        N/A       10%         3
 Freezing Cloud           Conj/Ice/Air   27%        6-21      19%         5

Inventory:

Hand Weapons
 e - a +0 club {mace}
   (You took it off a kobold on level 1 of the Dungeon)
 f - a +0 dagger {short}
   (You took it off a goblin on level 1 of the Dungeon)
 h - a +0 rapier {short}
   (You found it on level 5 of the Dungeon)
 i - a +0 dagger {short}
   (You took it off a goblin on level 1 of the Dungeon)
 k - a +0 club {mace}
   (You found it on level 1 of the Dungeon)
 l - a +0 dagger {short}
   (You took it off a goblin on level 1 of the Dungeon)
 m - a +1 flail of draining {mace}
   (You took it off Edmund on level 4 of the Dungeon)
 o - a +0 dagger {short}
   (You found it on level 1 of the Dungeon)
 p - a +0 mace {mace}
   (You found it on level 2 of the Dungeon)
 q - a +0 spear {polearm}
   (You found it on level 2 of the Dungeon)
 s - a +0 hand axe {axe}
   (You found it on level 2 of the Dungeon)
 t - a +0 short sword {short}
   (You took it off a kobold on level 2 of the Dungeon)
 x - a +0 sling
   (You found it on level 2 of the Dungeon)
 D - a +2 dagger of venom (weapon) {short}
   (You took it off a kobold on level 7 of the Dungeon)
 N - the +0 hand axe "Ilawkith" {holy, Fly Dex+3, axe}
   (You found it on level 5 of the Dungeon)

   Dex+3:     It affects your dexterity (+3).
   Fly:       It grants you flight.
 V - a +1 whip of electrocution {mace}
   (You took it off a kobold brigand on level 7 of the Dungeon)
Missiles
 b - 4 darts of dispersal {=f!fthrowing}
 n - 5 curare-tipped darts {=fthrowing}
 F - 12 boomerangs {throwing}
Armour
 a - the cursed +0 robe of the Restrained Ethics (worn) {Cun, Self}

   It has a curse which improves the following skills: Cunning: Dodging and
   Stealth.
   Introspection: Fighting and Spellcasting.
 v - the +0 robe of the Blind Marksman {rElec rN++ Will+ Int-5}
   (You found it on level 2 of the Dungeon)

   Int-5:     It affects your intelligence (-5).
   rElec:     It insulates you from electricity.
   rN++:      It greatly protects you from negative energy.
   Will+:     It increases your willpower.
 I - a +0 ring mail
   (You took it off Edmund on level 4 of the Dungeon)
 J - the cursed +0 pair of gloves "At What Cost Knowledge?" (worn) {rF+ rN+ rCorr Dex-5, Cun, Dev}
   (You found it on level 4 of the Dungeon)

   Dex-5:     It affects your dexterity (-5).
   rF+:       It protects you from fire.
   rN+:       It protects you from negative energy.
   rCorr:     It protects you from acid and corrosion.
   It has a curse which improves the following skills: Cunning: Dodging and
   Stealth.
   Devices:   Evocations and Shapeshifting.
 K - the cursed +0 pair of boots "Sibylline Mistrust" (worn) {Alch, Bglg}
   (You found it on level 4 of the Dungeon)

   It has a curse which improves the following skills: Alchemy: Poison Magic and
   Transmutations.
   Beguiling: Conjurations, Hexes and Translocations.
 O - the cursed +0 helmet "Mantic Stickiness" (worn) {Will+ Int+3 Dex+3, Fort, Alch}
   (You found it on level 5 of the Dungeon)

   Int+3:     It affects your intelligence (+3).
   Dex+3:     It affects your dexterity (+3).
   Will+:     It increases your willpower.
   It has a curse which improves the following skills: Fortitude: Armour and
   Shields.
   Alchemy:   Poison Magic and Transmutations.
 U - the +3 leather armour "Lunenu" {Str+4}
   (You found it in a sewer)

   Str+4:     It affects your strength (+4).
Jewellery
 r - a ring of protection from fire
   (You found it on level 2 of the Dungeon)
 u - the cursed ring "Per Aspera Ad Scientiam" (right hand) {AC+4, Cun, Alch}
   (You found it on level 2 of the Dungeon)

   [ring of protection]

   AC+4:      It affects your AC (+4).
   It has a curse which improves the following skills: Cunning: Dodging and
   Stealth.
   Alchemy:   Poison Magic and Transmutations.
 y - a ring of ice (left hand)
   (You found it on level 3 of the Dungeon)
 E - the cursed amulet of Apeoromancy (around neck) {Reflect SH+5, Alch, Fort}
   (You found it on level 3 of the Dungeon)

   [amulet of reflection]

   Reflect:   It reflects blocked missile attacks.
   SH+5:      It affects your SH (+5).
   It has a curse which improves the following skills: Alchemy: Poison Magic and
   Transmutations.
   Fortitude: Armour and Shields.
 P - an amulet of regeneration {@e2}
   (You found it on level 5 of the Dungeon)
Wands
 M - a wand of mindburst (24)
   (You found it on level 5 of the Dungeon)
 Q - a wand of polymorph (11)
   (You took it off an orc on level 5 of the Dungeon)
 R - a wand of flame (49)
   (You took it off an orc on level 5 of the Dungeon)
Scrolls
 c - 5 scrolls of identify {@r1}
 g - 2 scrolls of amnesia
 z - 3 scrolls of teleportation {@r4}
 B - a scroll of immolation {!r!r}
 C - a scroll of enchant armour
 H - 2 scrolls of vulnerability {!r!r}
 L - a scroll of revelation
 T - 4 scrolls of blinking {!r}
 Y - 2 scrolls of poison {!r}
Potions
 d - 7 potions of mutation {!q}
 j - 3 potions of haste {@q3}
 w - 2 potions of magic
 A - a potion of enlightenment
 G - a potion of invisibility
 S - a potion of berserk rage {!q}
 W - a potion of curing {@q1}
 X - a potion of lignification {!q}
 Z - a potion of attraction {!q}

Dungeon Overview and Level Annotations

Branches:
Dungeon (8/15) Zot: 26308  Temple (0/1) D:6            Lair (0/5) D:8
  Sewer (visited)

Altars:
Ashenzari
Cheibriados
Okawaru

Shops:
D:2 (   D:7 (**(

Annotations:
D:4 Ijyb

#....[#.. #.###.#.#
#.#...... ####.#.###.#
#....#.# #.. #....#.# #.#
***** #....#.# #..
>...############....#.# #..
,,#......y@.........#.# #..
,,#####..############.###..
,,,,......,,∆,,,,,,,.......
,**####.^.#*********#.###..
,* #.#..* *,* ### ,*
#.*#.#******* *,*####
,*****#.**..,,,,,,* *,,....
,**,,,#.**...****,* ***##..
,,,,,,+,***,,,***,* #.#


You could see a hornet.


Message History

😎 MP[-1]
You lost 1 mp, and now have 22/25 mp.
Unknown command.
Casting: Searing Ray (safe; 1% risk of failure)
Confirm with . or Enter, or press ? or * to list all spells.
Casting: Hailstorm (safe; 1% risk of failure)
Press: ? - help, Dir - look around, f - activate You feel a surge of power!
A cannonade of hail descends around you!
The hail misses the hornet. 😎 MP[-3]
You lost 3 mp, and now have 19/25 mp.
Unknown command.
Casting: Hailstorm (safe; 1% risk of failure)
Confirm with . or Enter, or press ? or * to list all spells.
Casting: Dazzling Flash (safe; 1% risk of failure)
Press: ? - help, Dir - look around, f - activate You block the hornet's attack.
The hornet completely misses you. 😎 MP[-3]
You lost 3 mp, and now have 16/25 mp.
Casting: Dazzling Flash (safe; 1% risk of failure)
Confirm with . or Enter, or press ? or * to list all spells.
Casting: Dazzling Flash (safe; 1% risk of failure)
Press: ? - help, Dir - look around, f - activate The hornet is dazzled.
The hornet barely misses you. 😎 MP[-3]
You lost 3 mp, and now have 13/25 mp.
Casting: Dazzling Flash (safe; 1% risk of failure)
Confirm with . or Enter, or press ? or * to list all spells.
Aiming: Searing Ray (safe; 1% risk of failure)
Press: ? - help, Shift-Dir - straight line, f - hornet
Aim: a hornet (lightly wounded, blind, 74% to hit)
The searing ray hits the hornet. (Press . to maintain the ray.)
The hornet closely misses you. The hornet barely misses you. 😎 MP[-2]
You lost 2 mp, and now have 11/25 mp.
Unknown command.
The searing ray hits the hornet.
The hornet stings you.
You feel yourself slow down. 😕 HP[-1]
You take 1 damage, and now have 47/48 hp.
The searing ray hits the hornet!
The hornet is no longer blind.
The hornet barely misses you. You block the hornet's attack.
The hornet stings you!
You are poisoned.
You feel as though you will be slow longer. 😮 HP[-13] MP[-1]
You take 13 damage, and now have 34/48 hp.
MASSIVE DAMAGE!! (PAUSE)
You lost 1 mp, and now have 10/25 mp.
Unknown command.
The searing ray misses the hornet.
You finish channelling your searing ray.
You feel very sick. The hornet stings you!
* * * LOW HITPOINT WARNING * * *
You are more poisoned.
You feel as though you will be slow longer.
The hornet stings you.
* * * LOW HITPOINT WARNING * * *
You suddenly lose the ability to move!
You feel very sick. The hornet stings you.
* * * LOW HITPOINT WARNING * * *
You feel as though you will be slow longer.
You can move again. 😱 HP[-24] MP[-1]
You take 24 damage, and now have 10/48 hp.
MASSIVE DAMAGE!! (PAUSE)
You lost 1 mp, and now have 9/25 mp.
You feel better. The hornet closely misses you. You block the hornet's attack.
The hornet barely misses you. 😨 HP[+8] MP[+1]
You regained 8 hp, and now have 18/48 hp.
Casting: Searing Ray (safe; 1% risk of failure)
Confirm with . or Enter, or press ? or * to list all spells.
Okay, then.
Aiming: Mindburst
Press: ? - help, Shift-Dir - straight line, f/p - hornet
Aim: a hornet (heavily wounded, chance to affect: 55%)
The hornet resists with significant effort.
The hornet misses you. The hornet stings you.
* * * LOW HITPOINT WARNING * * *
You feel as though you will be slow longer. 😨 HP[-2]
You take 2 damage, and now have 16/48 hp.
Casting: Searing Ray (safe; 1% risk of failure)
Confirm with . or Enter, or press ? or * to list all spells.
Aiming: Searing Ray (safe; 1% risk of failure)
Press: ? - help, Shift-Dir - straight line, f/p - hornet
Aim: a hornet (heavily wounded, 74% to hit)
The searing ray hits the hornet but does no damage. (Press . to maintain the ray.)
The hornet stings you!
* * * LOW HITPOINT WARNING * * *
You are lethally poisoned!
You feel as though you will be slow longer.
The hornet stings you!
You die...

Skill      XL: |  1  2  3  4  5  6  7  8  9 |
---------------+----------------------------+-----
Dodging        | 3 4 5 6 7 |  7.6
Stealth        | 3 4 5 6 7 8 |  8.3
Spellcasting   | 4 5 6 7 8 |  8.5
Conjurations   | 5 6 7 8 |  8.0
Hexes          | 1 2 3 4 6 7 |  7.2
Ice Magic      | 1 |  1.2
Fighting       | |  0.8

Action                     |  1- 3 |  4- 6 |  7- 9 || total
---------------------------+-------+-------+-------++-------
  Melee: Short sword       |       |     8 |       ||     8
         Hand axe          |       |       |     2 ||     2
         Dagger            |       |       |    25 ||    25
  Throw: Dart              |       |       |     1 ||     1
   Cast: Magic Dart        |    66 |    57 |   213 ||   336
         Searing Ray       |       |     9 |    55 ||    64
         Dazzling Flash    |       |       |     5 ||     5
         Hailstorm         |       |       |     2 ||     2
 Invoke: Curse Item        |     1 |     1 |     4 ||     6
  Evoke: Wand              |       |       |     1 ||     1
    Use: Potion            |     1 |     2 |     4 ||     7
         Scroll            |     7 |     2 |     2 ||    11
   Stab: Invisible         |       |       |     2 ||     2
 Armour: Robe              |     4 |    18 |    66 ||    88
  Dodge: Dodged            |     9 |     6 |    83 ||    98
  Block: Other             |       |     3 |    37 ||    40
         Reflection        |       |       |     3 ||     3

Levels and vault maps discovered:
D:1:      minmay_arrival_statue_studded, layout_loops_ring,
          hellmonk_ecumenical_altar_leap_of_faith, minmay_misc_feat_tiny,
          chequers_serial_rivers_small_b
D:2:      wander_river, layout_rooms, serial_shops, shop, nicolae_half_adder
D:3:      cheibrodos_thug_alley, layout_basic, grunt_temple_overflow_open,
          kennysheep_flooded_box
D:4:      layout_cave_pods, uniq_grinder, uniq_ijyb, uniq_edmund, uniq_menkaure
D:5:      layout_basic
D:6:      layout_loops_ring, lemuel_temple_firewalk_b, lightli_sewer_entry_pipes
D:7:      layout_cave_pods, serial_shops, shop, nicolae_shop_tiny_statue_garden,
          shop, nicolae_shop_stone
D:8:      layout_basic, lair_entry_dummy, minmay_small_thing,
          uniq_prince_ribbit1

Notes
Turn   | Place    | Note
-------+----------+-------------------------------------------
     0 | D:1      | Zonian the Deep Elf Conjurer began the quest for the Orb.
     0 | D:1      | Reached XP level 1. HP: 10/10 MP: 6/6
     0 | D:1      | magus.rc [v1.9.6]
   352 | D:1      | Reached XP level 2. HP: 15/15 MP: 5/8
   458 | D:1      | You pick up a book of Frost and begin reading...
   458 | D:1      | You add the spells Freeze, Frozen Ramparts and Hailstorm to
                  | your library.
   584 | D:1      | You add the spells Cigotuvi's Dreadful Rot, Ignite Poison
                  | and Freezing Cloud to your library.
   829 | D:1      | Found a faded altar of an unknown god.
   912 | D:1      | Prayed at the altar of an unknown god.
   912 | D:1      | Became a worshipper of Ashenzari the Shackled
   974 | D:2      | Reached skill level 3 in Dodging
   974 | D:2      | Reached skill level 3 in Stealth
  1026 | D:2      | Reached XP level 3. HP: 19/19 MP: 3/10
  1184 | D:2      | Found Toseit's Weapon Shoppe.
  1291 | D:2      | Identified the +0 robe of the Blind Marksman {rElec rN++
                  | Will+ Int-5}
  1852 | D:3      | Reached XP level 4. HP: 24/24 MP: 2/12
  1950 | D:3      | Learned a level 2 spell: Searing Ray
  1954 | D:3      | Learned a level 3 spell: Dazzling Flash
  2003 | D:3      | Reached * piety under Ashenzari
  2208 | D:3      | Noticed a kobold brigand
  2217 | D:3      | Killed a kobold brigand
  2218 | D:3      | Reached skill level 4 in Spellcasting
  2218 | D:3      | Reached skill level 5 in Conjurations
  2218 | D:3      | Reached skill level 1 in Hexes
  2218 | D:3      | Reached XP level 5. HP: 16/28 MP: 3/14
  2287 | D:3      | You pick up a book of the Hunter and begin reading...
  2287 | D:3      | You add the spells Sigil of Binding, Call Canine Familiar,
                  | Dimensional Bullseye and Leda's Liquefaction to your
                  | library.
  2569 | D:3      | Reached skill level 4 in Stealth
  2770 | D:3      | Found a snail-covered altar of Cheibriados.
  2805 | D:3      | Found an iron altar of Okawaru.
  2999 | D:4      | Reached skill level 4 in Dodging
  2999 | D:4      | Reached skill level 2 in Hexes
  3155 | D:4      | HP: 1/28 [sleepcap (7)]
  3355 | D:4      | Reached XP level 6. HP: 29/32 MP: 10/16
  3447 | D:4      | Noticed Edmund
  3449 | D:4      | Noticed Grinder
  3454 | D:4      | Killed Edmund
  3455 | D:4      | Reached skill level 5 in Spellcasting
  3466 | D:4      | Killed Grinder
  3467 | D:4      | Reached skill level 5 in Stealth
  3467 | D:4      | Reached skill level 3 in Hexes
  3467 | D:4      | Reached XP level 7. HP: 21/36 MP: 5/18
  3547 | D:4      | Identified the +0 pair of gloves of Wasted Space {rF+ rN+
                  | rCorr Dex-5}
  3637 | D:4      | Reached ** piety under Ashenzari
  3825 | D:4      | Noticed Ijyb
  4022 | D:5      | Entered Level 5 of the Dungeon
  4028 | D:5      | Reached skill level 6 in Conjurations
  4029 | D:5      | Reached skill level 5 in Dodging
  4390 | D:5      | Reached skill level 6 in Spellcasting
  4390 | D:5      | Reached skill level 4 in Hexes
  4485 | D:5      | Identified the +0 hand axe "Ilawkith" {holy, Fly Dex+3}
  4488 | D:5      | Identified the +0 helmet of the Crypt {Will+ Int+3 Dex+3}
  4815 | D:5      | Reached skill level 6 in Stealth
  4815 | D:5      | Reached XP level 8. HP: 12/41 MP: 14/21
  5450 | D:5      | Reached skill level 5 in Hexes
  5874 | D:6      | Reached skill level 6 in Dodging
  5975 | D:6      | Found a glowing drain.
  5984 | Sewer    | Entered a sewer
  5985 | Sewer    | magus.rc [v1.9.6]
  7753 | Sewer    | Identified the +3 leather armour "Lunenu" {Str+4}
  7772 | Sewer    | Reached skill level 7 in Spellcasting
  7774 | Sewer    | Reached skill level 7 in Conjurations
  8261 | D:6      | Reached skill level 7 in Stealth
  8308 | D:6      | Reached *** piety under Ashenzari
  8646 | D:6      | Reached skill level 6 in Hexes
  9003 | D:6      | Reached XP level 9. HP: 41/45 MP: 15/24
  9638 | D:6      | Found a staircase to the Ecumenical Temple.
  9779 | D:7      | Reached **** piety under Ashenzari
  9814 | D:7      | Reached skill level 7 in Dodging
 10042 | D:7      | Found Poenos's Assorted Antiques.
 10050 | D:7      | Bought a potion of curing for 96 gold pieces
 10050 | D:7      | Bought a potion of curing for 96 gold pieces
 10073 | D:7      | Found Atsaqy's Weapon Emporium.
 10243 | D:7      | Found Metseh's Assorted Antiques.
 10261 | D:7      | Reached skill level 8 in Spellcasting
 10271 | D:7      | Bought a scroll labelled XURESE GURIM for 25 gold pieces
 10271 | D:7      | Bought a murky emerald potion for 22 gold pieces
 11033 | D:7      | Found Idierr's Weapon Shop.
 11071 | D:7      | Reached skill level 8 in Stealth
 11074 | D:7      | Reached skill level 7 in Hexes
 11078 | D:7      | Learned a level 3 spell: Hailstorm
 11882 | D:8      | Reached skill level 8 in Conjurations
 11884 | D:8      | Reached skill level 1 in Ice Magic
 11913 | D:8      | Found a staircase to the Lair.
 12110 | D:8      | Paralysed by a hornet for 2 turns
 12111 | D:8      | HP: 10/48 [hornet (6)]
 12114 | D:8      | HP: 4/48 [hornet (12)]
 12114 | D:8      | Mangled by a hornet

Vanquished Creatures
  Grinder (D:4)
  A shadow (D:7)
  A water moccasin (D:6)
  An orc warrior (D:7)
  3 ice beasts
  2 ogres (D:5)
  3 kobold brigands
  2 bullfrogs (Sewer)
  4 scorpions
  7 wights
  A howler monkey (D:6)
  2 jellies
  5 hounds
  3 sleepcaps
  A gnoll bouda (D:5)
  7 orc priests
  5 iguanas
  5 orc wizards
  11 adders
  3 gnolls (D:5)
  A river rat (D:6)
  4 ufetubi
  3 worms
  2 dart slugs
  21 orcs
  12 ball pythons
  11 endoplasms
  10 giant cockroaches
  3 hobgoblins
  8 quokkas
  2 bats
  7 frilled lizards
  4 goblins
  24 kobolds
  4 rats
184 creatures vanquished.

Vanquished Creatures (collateral kills)
  Edmund (D:4)
1 creature vanquished.

Vanquished Creatures (others)
  An orc warrior (D:6)
  An orc priest (D:6)
  2 orcs (D:6)
4 creatures vanquished.

Grand Total: 189 creatures vanquished

Table legend:
 A = Non-vault XP
 B = Vault XP
 C = Vault XP percentage of total XP
 D = Non-vault monster count
 E = Vault monster count
 F = Vault count percentage of total count
                 A         B        C        D         E       F
            +---------+---------+-------+---------+---------+-------
      Total |    3635 |     868 |  19.3 |     127 |      58 |  31.4
            +---------+---------+-------+---------+---------+-------
        D:1 |      22 |       0 |   0.0 |      13 |       0 |   0.0
        D:2 |       8 |      42 |  84.0 |       4 |       3 |  42.9
        D:3 |      71 |     113 |  61.4 |      17 |       9 |  34.6
        D:4 |     203 |     411 |  66.9 |      11 |       2 |  15.4
        D:5 |     878 |       0 |   0.0 |      25 |       0 |   0.0
        D:6 |     827 |      52 |   5.9 |      18 |       7 |  28.0
        D:7 |    1160 |       0 |   0.0 |      26 |       0 |   0.0
        D:8 |     466 |       0 |   0.0 |      13 |       0 |   0.0
      Sewer |       0 |     250 | 100.0 |       0 |      37 | 100.0
            +---------+---------+-------+---------+---------+-------

Skill      XL: |  1  2  3  4  5  6  7  8  9 |
---------------+----------------------------+-----
Dodging        | 3 4 5 6 7 |  7.6
Stealth        | 3 4 5 6 7 8 |  8.3
Spellcasting   | 4 5 6 7 8 |  8.5
Conjurations   | 5 6 7 8 |  8.0
Hexes          | 1 2 3 4 6 7 |  7.2
Ice Magic      | 1 |  1.2
Fighting       | |  0.8

Action                     |  1- 3 |  4- 6 |  7- 9 || total
---------------------------+-------+-------+-------++-------
  Melee: Short sword       |       |     8 |       ||     8
         Hand axe          |       |       |     2 ||     2
         Dagger            |       |       |    25 ||    25
  Throw: Dart              |       |       |     1 ||     1
   Cast: Magic Dart        |    66 |    57 |   213 ||   336
         Searing Ray       |       |     9 |    55 ||    64
         Dazzling Flash    |       |       |     5 ||     5
         Hailstorm         |       |       |     2 ||     2
 Invoke: Curse Item        |     1 |     1 |     4 ||     6
  Evoke: Wand              |       |       |     1 ||     1
    Use: Potion            |     1 |     2 |     4 ||     7
         Scroll            |     7 |     2 |     2 ||    11
   Stab: Invisible         |       |       |     2 ||     2
 Armour: Robe              |     4 |    18 |    66 ||    88
  Dodge: Dodged            |     9 |     6 |    83 ||    98
  Block: Other             |       |     3 |    37 ||    40
         Reflection        |       |       |     3 ||     3

Illustrated notes

Table legend:
 A = Kills in this place as a percentage of kills in the entire game.
 B = Kills by you in this place as a percentage of kills by you in the entire game.
 C = Kills by friends in this place as a percentage of kills by friends in the entire game.
 D = Other kills in this place as a percentage of other kills in the entire game.
 E = Experience gained in this place as a percentage of experience gained in the entire game.
 F = Experience gained in this place divided by the number of levels of this place that you have seen.
                   A       B       C       D       E      F
               +-------+-------+-------+-------+-------+----------------------
         Total | 100.0 | 100.0 | 100.0 |   N/A | 100.0 | 500.3
       Dungeon |  80.0 |  79.9 | 100.0 |   N/A |  94.4 | 531.6
         Sewer |  20.0 |  20.1 |   0.0 |   N/A |   5.6 | 250.0
               +-------+-------+-------+-------+-------+----------------------

Table legend: (Time is in decaauts)
 A = Elapsed time spent in this place.
 B = Non-inter-level travel time spent in this place.
 C = Inter-level travel time spent in this place.
 D = Time resting spent in this place.
 E = Time spent auto-exploring this place.
 F = Levels seen in this place.
 G = Mean time per level.
                   A        B        C        D        E       F      G
               +--------+--------+--------+--------+--------+-----+--------+
         Total |  12135 |  11990 |    145 |   5432 |   4655 |   9 | 1348.3 |
       Dungeon |  10268 |  10123 |    145 |   3929 |   4444 |   8 | 1283.5 |
         Sewer |   1867 |   1867 |      0 |   1503 |    211 |   1 | 1867.0 |
               +--------+--------+--------+--------+--------+-----+--------+

Top non-repeatable levels by time:
     D:6: 2165 daAuts
   Sewer: 1867 daAuts
     D:7: 1707 daAuts
     D:5: 1662 daAuts
     D:3: 1454 daAuts
     D:4: 1126 daAuts
     D:1: 949 daAuts
     D:8: 689 daAuts
     D:2: 513 daAuts
